 Dungeon Crawl Stone Soup version 0.17-a0-587-g4707e02 (webtiles) character file.

30083 ahoge the Bludgeoner (level 13, -18/116 HPs)
             Began as a Minotaur Berserker on Apr 15, 2015.
             Was a High Priest of Trog.
             Demolished by a boulder beetle (23 damage)
             ... on level 7 of the Lair of Beasts.
             The game lasted 01:41:09 (13981 turns).

ahoge the Bludgeoner (Minotaur Berserker)          Turns: 13981, Time: 01:41:10

Health: -18/116    AC: 20    Str: 28    XL:     13   Next: 18%
Magic:  12/12      EV: 16    Int:  5    God:    Trog [*****.]
Gold:   1130       SH:  0    Dex: 19    Spells: 0 memorised, 12 levels left

rFire  . . .     SeeInvis +     W - +8 great mace of Balance {holy, Int+4}
rCold  . . .     Clarity  .     O - +5 chain mail "Simniuce" {Str+7}
rNeg   + + +     SustAb   .     (no shield)
rPois  +         Gourm    .     (helmet restricted)
rElec  +         Spirit   .     s - +2 cloak of the Bull {rN+++ Int-3 Dex+3}
rCorr  .         Warding  .     (no gloves)
rMut   .         Stasis   .     (no boots)
MR     .....                    K - amulet of the Air {Inacc +Fly rElec EV+5 RMsl}
Stlth  ..........               Z - ring of poison resistance
                                z - ring of see invisible

@: slowed, repel missiles, very slow, not resistant to hostile enchantments,
extremely unstealthy
A: retaliatory headbutt, horns 2
a: Burn Spellbooks, Berserk, Trog's Hand, Brothers in Arms, Renounce Religion,
Evoke Flight


You were on level 7 of the Lair of Beasts.
You worshipped Trog.
Trog was extremely pleased with you.
You were not hungry.

You visited 2 branches of the dungeon, and saw 16 of its levels.

You collected 1130 gold pieces.

Inventory:

Hand weapons
 i - the +2 flail of Haeddupi {freeze, Str+2 Int+4}
   (You found it on level 6 of the Lair of Beasts)

   It has been specially enchanted to freeze those struck by it, causing extra
   injury to most foes and up to half again as much damage against particularly
   susceptible opponents.
   It can also slow down cold-blooded creatures.
   It affects your strength (+2).
   It affects your intelligence (+4).
 W - the +8 great mace of Balance (weapon) {holy, Int+4}
   (Trog gifted it to you on level 6 of the Lair of Beasts)

   It has been blessed by the Shining One to cause great damage to the undead
   and demons.
   It affects your intelligence (+4).
Missiles
 u - 13 exploding tomahawks (quivered)
Armour
 s - the +2 cloak of the Bull (worn) {rN+++ Int-3 Dex+3}
   (You found it on level 5 of the Lair of Beasts)

   It affects your intelligence (-3).
   It affects your dexterity (+3).
   It renders you almost immune to negative energy.
 N - a +2 buckler
 O - the +5 chain mail "Simniuce" (worn) {Str+7}
   (You found it on level 5 of the Dungeon)

   It affects your strength (+7).
Jewellery
 e - a +4 ring of strength
 v - an uncursed ring of fire
 z - a ring of see invisible (left hand)
 C - an uncursed ring of ice
 K - the amulet of the Air (around neck) {Inacc +Fly rElec EV+5 RMsl}
   (You found it on level 5 of the Lair of Beasts)

   [amulet of inaccuracy]

   It reduces the accuracy of all your attacks.
   It affects your evasion (+5).
   It insulates you from electricity.
   It lets you fly.
   It protects you from missiles.
 Z - a ring of poison resistance (right hand)
Magical devices
 d - a wand of polymorph (8)
 j - a wand of teleportation (3)
 x - a wand of flame (30)
 y - a wand of paralysis (10)
 D - a wand of magic darts (25)
 I - a wand of digging (12)
 L - a wand of flame (15)
 Q - a wand of lightning (5)
 V - a wand of polymorph (7)
Scrolls
 f - 4 scrolls of enchant weapon
 g - 4 scrolls of teleportation
 n - a scroll of silence
 F - 3 scrolls of recharging
 G - a scroll of blinking
 P - a scroll of enchant armour
 R - 2 scrolls of fog
 S - 4 scrolls of remove curse
 T - 2 scrolls of magic mapping
 X - a scroll of fear
 Y - a scroll of summoning
Potions
 a - a potion of beneficial mutation {unknown}
 b - a potion of heal wounds {unknown}
 l - 2 potions of resistance {unknown}
 o - a potion of might {unknown}
 p - 3 potions of curing
 q - 3 potions of agility
 t - 2 potions of brilliance {unknown}
 w - 2 potions of degeneration {unknown}
 A - 2 potions of ambrosia {unknown}
 E - 2 potions of restore abilities {unknown}
 H - a potion of cure mutation {unknown}
 J - 2 potions of haste {unknown}
Miscellaneous
 U - a stone of tremors
Comestibles
 c - 13 bread rations
 h - a poisonous chunk of flesh
 k - 10 fruits
 m - 10 slices of pizza
 r - 4 meat rations
 B - 10 chunks of flesh
 M - 5 beef jerkies


   Skills:
 + Level 11.4 Fighting
 * Level 16.4 Maces & Flails
 + Level 10.7 Armour
 + Level 10.0 Dodging
 - Level 10.2 Shields


You had 12 spell levels left.
You didn't know any spells.

Dungeon Overview and Level Annotations

Branches:
Dungeon (9/15)             Temple (0/1) D:4            Lair (7/8) D:9
 Shoals (0/5) Lair:3        Snake (0/5) Lair:4
  Slime: Lair:6-8       Orc: D:9-12

Altars:
Elyvilon
Kikubaaqudgha

Shops:
D:9 ?

Annotations:
Lair:6 exclusion: oklob plant


Innate Abilities, Weirdness & Mutations

You reflexively headbutt those who attack you in melee.
You have a pair of horns on your head.


Message History

You sock the boulder beetle!
The boulder beetle is lightly wounded.
The boulder beetle smashes into you!
The boulder beetle stops rolling.
Being near the torpor snail leaves you feeling lethargic.
A torpor snail comes into view.
You hit the boulder beetle but do no damage.
You headbutt the boulder beetle.
The boulder beetle is lightly wounded.
The boulder beetle bites you!!
A yak comes into view.
You sock the boulder beetle!
The boulder beetle is moderately wounded.
The boulder beetle bites you!!
* * * LOW HITPOINT WARNING * * *
The boulder beetle curls into a ball and starts rolling!
There is a stone staircase leading down here.
The boulder beetle smashes into you!
* * * LOW HITPOINT WARNING * * *
The boulder beetle stops rolling.
The boulder beetle bites you!!
You die...

.... ......... .........##
...........# ............#
..........#.#
...........##
≈......§...#.#
≈..w.Y.YB@..#
≈.......Y..##
≈♣..........# ♣..........#
♣..........##
≈...........# ≈
≈≈♣.........##
≈≈≈≈♣≈≈≈..........##
≈≈≈≈≈≈≈≈♣...........##.###


You could see a boulder beetle, a torpor snail and 3 yaks.

Vanquished Creatures
  The ghost of Radiman the Executioner, a powerful HOBe of Trog (Lair:4)
  5 hydras
  The ghost of Baka the Fighter, a powerful GrFi of Okawaru (Lair:1)
  A death yak (Lair:5)
  4 black mambas
  6 spiny frogs
  8 komodo dragons
  2 fire drakes
  3 polar bears (Lair:5)
  A wandering mushroom (D:9)
  A troll (D:9)
  Grinder (D:3)
  A snapping turtle (Lair:3)
  26 blink frogs
  The ghost of Zigurun the Insei, an average OpTm (D:4)
  Sigmund (D:4)
  A spriggan (D:8)
  2 wyverns
  Eustachio (D:6)
  3 hippogriffs
  A steam dragon (Lair:4)
  25 yaks
  7 wolves
  A basilisk (Lair:3)
  3 nagas (Lair:4)
  11 porcupines
  12 water moccasins
  3 swamp drakes (Lair:4)
  A centaur (D:5)
  3 ogres (D:6)
  15 giant frogs
  A big kobold (D:9)
  2 crocodiles
  A gnoll sergeant (D:8)
  4 scorpions
  An electric eel (Lair:7)
  3 crimson imps
  4 orc priests
  2 giant frog zombies
  3 jellies
  6 hounds
  9 iguanas
  7 orc wizards
  A giant frog skeleton (D:7)
  6 worker ants
  Natasha (twice) (D:4)
  7 sheep (Lair:6)
  A hound zombie (D:7)
  A hound skeleton (D:4)
  Robin (D:3)
  14 adders
  10 gnolls
  35 river rats
  A shadow imp (D:5)
  A worm (D:6)
  4 giant geckos
  15 orcs
  3 ball pythons
  2 bat skeletons (D:4)
  A bat zombie (D:8)
  4 giant cockroaches
  18 hobgoblins
  6 jackals
  16 kobolds
  8 bats
  A giant gecko zombie (D:6)
  11 giant newts
  16 goblins
  A jackal skeleton (D:8)
  5 quokkas
  29 rats
  4 fungi
419 creatures vanquished.

Notes
Turn   | Place    | Note
--------------------------------------------------------------
     0 | D:1      | ahoge, the Minotaur Berserker, began the quest for the Orb.
     0 | D:1      | Reached XP level 1. HP: 19/19 MP: 0/0
    30 | D:1      | Reached XP level 2. HP: 21/27 MP: 1/1
    89 | D:1      | Reached skill level 4 in Maces & Flails
   254 | D:1      | Acquired Trog's second power
   664 | D:1      | Reached XP level 3. HP: 33/33 MP: 2/2
   986 | D:2      | Reached XP level 4. HP: 40/40 MP: 3/3
  2011 | D:4      | Noticed Robin
  2012 | D:4      | Noticed Grinder
  2016 | D:3      | Reached XP level 5. HP: 34/46 MP: 4/4
  2197 | D:3      | Paralysed by Grinder for 2 turns
  2199 | D:3      | Killed Robin
  2202 | D:3      | Killed Grinder
  2202 | D:3      | Reached skill level 5 in Fighting
  2202 | D:3      | Reached skill level 5 in Maces & Flails
  2202 | D:3      | Reached XP level 6. HP: 8/56 MP: 5/5
  2409 | D:4      | Noticed Natasha
  2416 | D:4      | Killed Natasha
  2416 | D:4      | Received a gift from Trog
  2481 | D:4      | Noticed Zigurun's ghost (average OpTm)
  2493 | D:4      | Killed Zigurun's ghost
  2493 | D:4      | Reached skill level 5 in Armour
  2493 | D:4      | Reached skill level 5 in Dodging
  2493 | D:4      | Reached XP level 7. HP: 61/61 MP: 6/6
  2528 | D:4      | Found a staircase to the Ecumenical Temple.
  3128 | D:4      | Noticed Sigmund
  3138 | D:4      | Killed Sigmund
  3138 | D:4      | Reached skill level 6 in Armour
  3506 | D:4      | Noticed Natasha
  3509 | D:4      | Killed Natasha
  3564 | D:5      | Entered Level 5 of the Dungeon
  3585 | D:5      | Reached XP level 8. HP: 66/70 MP: 7/7
  3889 | D:5      | Reached skill level 7 in Maces & Flails
  3947 | D:5      | Acquired Trog's third power
  4164 | D:5      | Reached skill level 1 in Shields
  4177 | D:5      | Got a pitted chain mail
  4178 | D:5      | Identified the +5 chain mail "Simniuce" {Str+7} (You found it on level 5 of the Dungeon)
  4414 | D:6      | Reached skill level 8 in Maces & Flails
  4710 | D:6      | Found an ancient bone altar of Kikubaaqudgha.
  4769 | D:6      | Noticed Eustachio
  4790 | D:6      | Killed Eustachio
  4790 | D:6      | Reached skill level 9 in Maces & Flails
  5122 | D:6      | Reached XP level 9. HP: 67/75 MP: 8/8
  5326 | D:7      | Reached skill level 10 in Maces & Flails
  5420 | D:7      | Reached skill level 5 in Shields
  6175 | D:7      | Received a gift from Trog
  6308 | D:8      | Reached skill level 11 in Maces & Flails
  6601 | D:8      | Reached skill level 12 in Maces & Flails
  6661 | D:8      | Found a white marble altar of Elyvilon.
  7273 | D:9      | Reached skill level 13 in Maces & Flails
  7282 | D:9      | Reached XP level 10. HP: 67/83 MP: 9/9
  7469 | D:9      | Found a staircase to the Lair.
  7557 | D:9      | Reached skill level 14 in Maces & Flails
  7657 | D:9      | Found Muaviuto's Magic Scroll Shoppe.
  7901 | Lair:1   | Entered Level 1 of the Lair of Beasts
  7911 | Lair:1   | Got an encrusted hand crossbow
  8048 | Lair:1   | Reached skill level 15 in Maces & Flails
  8294 | Lair:1   | Noticed a four-headed hydra
  8312 | Lair:1   | Killed a four-headed hydra
  8312 | Lair:1   | Reached skill level 16 in Maces & Flails
  8338 | Lair:1   | Noticed Baka's ghost (powerful GrFi)
  8360 | Lair:1   | Killed Baka's ghost
  8360 | Lair:1   | Reached XP level 11. HP: 91/91 MP: 10/10
  9008 | Lair:2   | Identified the cursed +1 hand crossbow of the Extremes {elec, rElec rC++ Dex-3} (You found it on level 1 of the Lair of Beasts)
 10118 | Lair:3   | Received a gift from Trog
 10264 | Lair:3   | You fall through a shaft!
 10308 | Lair:4   | Noticed Radiman's ghost (powerful HOBe)
 10330 | Lair:4   | Killed Radiman's ghost
 10606 | Lair:3   | Found a staircase to the Shoals.
 10702 | Lair:3   | Reached XP level 12. HP: 68/105 MP: 11/11
 11142 | Lair:4   | Found a staircase to the Snake Pit.
 11188 | Lair:4   | Noticed a six-headed hydra
 11198 | Lair:4   | Killed a six-headed hydra
 11198 | Lair:4   | Reached skill level 10 in Fighting
 11725 | Lair:4   | Noticed an eight-headed hydra
 11735 | Lair:4   | Killed an eight-headed hydra
 12204 | Lair:5   | Noticed a six-headed hydra
 12213 | Lair:5   | Killed a six-headed hydra
 12382 | Lair:5   | Got an ichor-stained cloak
 12388 | Lair:5   | Identified the +2 cloak of the Bull {rN+++ Int-3 Dex+3} (You found it on level 5 of the Lair of Beasts)
 12693 | Lair:5   | Reached skill level 10 in Shields
 12722 | Lair:5   | Reached skill level 10 in Armour
 13100 | Lair:6   | Got a transparent flail
 13103 | Lair:6   | Identified the +2 flail of Haeddupi {freeze, Str+2 Int+4} (You found it on level 6 of the Lair of Beasts)
 13313 | Lair:6   | Reached XP level 13. HP: 116/116 MP: 12/12
 13578 | Lair:6   | Received a gift from Trog
 13581 | Lair:6   | Got a steaming great mace {god gift}
 13598 | Lair:6   | Identified the +8 great mace of Balance {holy, Int+4} (Trog gifted it to you on level 6 of the Lair of Beasts)
 13831 | Lair:7   | Reached skill level 10 in Dodging
 13981 | Lair:7   | HP: 5/116 [squashed by a boulder beetle (20)]
 13981 | Lair:7   | Demolished by a boulder beetle

Action                   |  1- 3 |  4- 6 |  7- 9 | 10-12 | 13-15 || total
-------------------------+-------+-------+-------+-------+-------++-------
Melee: Mace              |    92 |    89 |    70 |       |       ||   251
       Flail             |       |       |    69 |    31 |    20 ||   120
       Morningstar       |       |       |   154 |   559 |       ||   713
       Great mace        |       |       |       |       |    54 ||    54
Invok: Berserk           |       |     2 |     5 |     8 |     1 ||    16
       Trog's Hand       |       |     2 |     4 |     7 |     1 ||    14
  Use: Scroll            |       |     2 |    13 |     9 |     2 ||    26
       Potion            |       |       |       |     4 |     3 ||     7
  Eat: Chunk             |       |     6 |    22 |    24 |     3 ||    55
       Meat ration       |       |       |       |     1 |       ||     1
